 Dungeon Crawl Stone Soup version 0.30-a0-415-g685d318daa (webtiles) character file.

Game seed: 2773919670126321782

2240 Ijustatesigmund the Trooper (level 9, -3/68 HPs)
             Began as a Djinni Fire Elementalist on Dec 8, 2022.
             Was a Believer of Okawaru.
             Slain by a komodo dragon (26 damage)
             ... on level 7 of the Dungeon.
             The game lasted 00:16:26 (8266 turns).

Ijustatesigmund the Trooper (DjFE)                  Turns: 8266, Time: 00:16:27

Health: -3/68      AC:  7    Str:  7    XL:     9   Next: 63%
Gold:   310        EV: 12    Int: 21    God:    Okawaru [**....] SH:  0 Dex: 14

rFire   + + +      SeeInvis .    n - +2 short sword (protect)
rCold   x . .      Faith    .    (no shield)
rNeg    . . .      Spirit   .    a - +1 robe
rPois   ∞          Reflect  .    (no helmet)
rElec   .          Harm     .    (no cloak)
rCorr   .          Rampage  .    (no gloves)
Will    .....                    (boots unavailable)
Stlth   ++........               (no amulet)
HPRegen 0.31/turn                j - ring of wizardry
MPRegen 0.00/turn                s - ring of Aceugup {rF+ AC+4 Slay+2}

@: flying, studying Polearms
A: sickness immunity, fire resistance 2, cold vulnerability 1, float, innate
caster, HP casting, extra vitality 1
a: Renounce Religion, Heroism


You were on level 7 of the Dungeon.
You worshipped Okawaru.
Okawaru was pleased with you.
You visited 2 branches of the dungeon, and saw 9 of its levels.
You also visited: Sewer.

You collected 310 gold pieces.

Inventory:

Hand Weapons
 d - a +0 short sword of flaming
 l - the +1 hand axe of Guukane {vorpal, rCorr}
   (You found it on level 2 of the Dungeon)

   It inflicts extra damage upon your enemies.
   rCorr:     It protects you from acid and corrosion.
 n - a +2 short sword of protection (weapon)
 q - a +0 rapier of draining
Missiles
 t - 2 throwing nets
Armour
 a - a +1 robe (worn)
Jewellery
 j - a ring of wizardry (left hand)
 s - the ring of Aceugup (right hand) {rF+ AC+4 Slay+2}
   (You found it on level 4 of the Dungeon)

   [ring of protection]

   AC:        It affects your AC (+4).
   Slay:      It affects your accuracy & damage with ranged weapons and melee
   (+2).
   rF:        It protects you from fire.
Wands
 u - a wand of flame (22)
Scrolls
 e - 2 scrolls of butterflies
 g - a scroll of enchant armour
 p - a scroll of identify
 r - a scroll of teleportation
 v - a scroll of enchant weapon {unknown}
Potions
 b - 2 potions of invisibility
 c - 3 potions of curing
 f - 2 potions of mutation
 h - 6 potions of heal wounds
 i - 2 potions of might {unknown}
 k - 3 potions of berserk rage {unknown}
 m - 4 potions of haste {unknown}
 o - a potion of magic {unknown}


   Skills:
 + Level 7.2 Fighting
 - Level 2.0 Short Blades
 + Level 0.6 Armour
 - Level 2.1 Dodging
 - Level 1.5 Stealth
 + Level 6.2 Spellcasting
 + Level 5.3 Invocations


You couldn't memorise any spells.
You knew the following spells:

 Your Spells              Type           Power      Damage    Failure   Level
a - Foxfire               Conj/Fire      100%       2x1d9     1%          1
b - Scorch                Fire           64%        2d8       1%          2
c - Kindle Blastsparks    Fire/Tloc/Air  64%        2d15      1%          3
d - Inner Flame           Hex/Fire       32%        N/A       1%          3
e - Flame Wave            Conj/Fire      32%        2d9       3%          4
f - Freeze                Ice            100%       1d10      1%          1
g - Ensorcelled Hibernat  Hex/Ice        64%        N/A       1%          2
h - Call Canine Familiar  Summ           32%        N/A       1%          3
i - Sticky Flame          Conj/Fire      32%        2d5       3%          4
Your spell library was empty.

Dungeon Overview and Level Annotations

Branches:
Dungeon (8/15)             Temple (1/1) D:4           Sewer (visited)
   Lair: D:8-11

Altars:
Ashenzari
Cheibriados
Dithmenos
Elyvilon
Fedhas
Gozag
Nemelex Xobeh
Okawaru
Ru
Uskayaw
Wu Jian
Xom
Yredelemnul
The Shining One


Innate Abilities, Weirdness & Mutations

You are immune to sickness and miasma.
You are immune to poison.
Your flesh is very heat resistant. (rF++)
You are vulnerable to cold. (rC-)
You float through the air rather than walking.
You learn spells naturally, not from books.
Your magical power is your life essence.
You have superior vitality. (+4 MHP)


Message History

You conjure some foxfire!
Your foxfire dissipates! x2
You start resting.
Your foxfire dissipates! x2
You start resting.
HP restored.
Casting: Foxfire (safe; 1% risk of failure)
Confirm with . or Enter, or press ? or * to list all spells.
A cloud of volatile blastsparks flares up around you!
The cloud of blastsparks explodes!
The concussive blast engulfs the komodo dragon!
The komodo dragon is lightly wounded.
You hear an angry hiss. x2
Casting: Kindle Blastsparks (safe; 1% risk of failure)
Confirm with . or Enter, or press ? or * to list all spells.
A cloud of volatile blastsparks flares up around you!
The cloud of blastsparks explodes!
The concussive blast engulfs the komodo dragon!
The komodo dragon is heavily wounded.
You hear an angry hiss.
Casting: Kindle Blastsparks (safe; 1% risk of failure)
Confirm with . or Enter, or press ? or * to list all spells.
Aiming: Ensorcelled Hibernation (safe; 1% risk of failure)
Press: ? - help, Shift-Dir - straight line, f - komodo dragon
Aim: a komodo dragon (heavily wounded, chance to affect: 44%)
The komodo dragon looks drowsy...
Casting: Ensorcelled Hibernation (safe; 1% risk of failure)
Confirm with . or Enter, or press ? or * to list all spells.
Flames lash the iguana.
You kill the iguana!
Okawaru accepts your kill. The komodo dragon bites you!!
Casting: Scorch (safe; 1% risk of failure)
Confirm with . or Enter, or press ? or * to list all spells.
Flames lash the komodo dragon.
The komodo dragon is heavily wounded.
The komodo dragon's fire resistance burns away.
The komodo dragon bites you! The komodo dragon bites you!!
You die...

#.#<# #..# #.#.###
###..#
......###....#
#.......#.#..#
###.#.#.#.#..# #
#.#)....#..##### #
#..............#
#####.....######.#
....>.#.#.# #@#
#######.#.# #l#
##### #.#.# #.#
....# #.#.######†#
###.###.#........##
...........#####..#
#.....#.#.## ##.#
#.......###ll #.#
........#


P.PP #.# You could see a komodo dragon (combustible).

Vanquished Creatures
  A steam dragon (D:6)
  A water moccasin (D:6)
  An ice beast (D:7)
  3 black bears
  An ogre (D:5)
  3 phantoms
  3 kobold brigands (Sewer)
  A bullfrog (D:7)
  5 scorpions
  2 jellies
  An orc priest (D:6)
  5 hounds
  2 orc wizards (D:6)
  6 iguanas
  Robin (D:4)
  8 gnolls
  13 adders
  A river rat (D:3)
  An ufetubus (D:5)
  7 worms
  10 orcs
  9 ball pythons
  9 endoplasms
  2 giant cockroaches
  16 goblins
  3 hobgoblins
  5 jackals
  3 quokkas
  5 bats
  13 kobolds
  8 rats
149 creatures vanquished.

Vanquished Creatures (others)
  313 foxfires
  9 plants (D:7)
322 creatures vanquished.

Grand Total: 471 creatures vanquished

Notes
Turn   | Place    | Note
-------+----------+-------------------------------------------
     0 | D:1      | Ijustatesigmund the Djinni Fire Elementalist began the
                  | quest for the Orb.
     0 | D:1      | Ijustatesigmund set off with the following spells
                  | memorised: Foxfire, Scorch, Kindle Blastsparks, Inner
                  | Flame, Flame Wave.
     0 | D:1      | Reached XP level 1. HP: 15/15 MP: 0/0
   147 | D:1      | Reached skill level 1 in Fighting
   147 | D:1      | Reached XP level 2. HP: 22/22 MP: 0/0
   377 | D:1      | Reached XP level 3. HP: 25/27 MP: 0/0
   377 | D:1      | Learned a level 1 spell: Freeze
   840 | D:2      | Identified the +1 robe "Hoewni" {Regen+}
   862 | D:2      | Reached skill level 2 in Fighting
  1074 | D:2      | Identified the +1 hand axe of Guukane {vorpal, rCorr}
  1195 | D:3      | Reached XP level 4. HP: 10/34 MP: 0/0
  1344 | D:3      | Found a sparkling altar of Nemelex Xobeh.
  1361 | D:3      | Found a shadowy altar of Dithmenos.
  1430 | D:3      | Found a glowing drain.
  1442 | Sewer    | Entered a sewer
  1455 | Sewer    | Reached XP level 5. HP: 36/40 MP: 0/0
  1455 | Sewer    | Learned a level 2 spell: Ensorcelled Hibernation
  1607 | Sewer    | Reached skill level 3 in Fighting
  1660 | Sewer    | Noticed a kobold brigand
  1669 | Sewer    | Killed a kobold brigand
  1670 | Sewer    | Reached XP level 6. HP: 34/46 MP: 0/0
  1964 | Sewer    | Reached skill level 4 in Fighting
  1972 | Sewer    | Reached XP level 7. HP: 23/53 MP: 0/0
  1972 | Sewer    | Learned a level 3 spell: Call Canine Familiar
  2767 | D:3      | Found an ornate altar of the Wu Jian Council.
  2862 | D:3      | Found a shimmering altar of Xom.
  2971 | D:3      | Found a hide-covered altar of Uskayaw.
  3035 | D:3      | Found an opulent altar of Gozag.
  3129 | D:4      | Found a staircase to the Ecumenical Temple.
  3131 | D:4      | Found a sacrificial altar of Ru.
  3165 | Temple   | Entered the Ecumenical Temple
  3301 | Temple   | Became a worshipper of Warmaster Okawaru
  3432 | D:4      | Reached skill level 1 in Invocations
  3440 | D:4      | Reached skill level 5 in Fighting
  3519 | D:4      | Noticed Robin
  3524 | D:4      | Killed Robin
  3555 | D:4      | Identified the ring of Aceugup {rF+ AC+4 Slay+2}
  4236 | D:4      | Reached XP level 8. HP: 59/59 MP: 0/0
  4287 | D:5      | Entered Level 5 of the Dungeon
  4567 | D:5      | Reached skill level 5 in Spellcasting
  5629 | D:6      | Reached * piety under Okawaru
  5777 | D:6      | Reached skill level 6 in Fighting
  6055 | D:6      | Reached XP level 9. HP: 61/67 MP: 0/0
  6055 | D:6      | Learned a level 4 spell: Sticky Flame
  6662 | D:6      | Reached skill level 1 in Short Blades
  7296 | D:7      | Reached skill level 7 in Fighting
  7300 | D:7      | Reached skill level 5 in Invocations
  8049 | D:7      | Reached ** piety under Okawaru
  8217 | D:7      | Noticed a komodo dragon
  8266 | D:7      | Slain by a komodo dragon

Illustrated notes

Levels and vault maps discovered:
D:1:      eino_arrival_cavern_d, layout_rooms
D:2:      layout_basic, interstate_on_off
D:3:      layout_rooms, amcnicky_altar_gilded,
          mainiacjoe_overflow_surrounded_room, mainiacjoe_overflow_chevrons,
          mainiacjoe_overflow_paths, lemuel_crystal_altar,
          mainiacjoe_overflow_six_doors_small, cheibrodos_sewer_entry_sluice
D:4:      layout_rooms, grunt_temple_overflow_open, minmay_temple_entry_mist,
          serial_curves, eino_curves_01, eino_curves_02, eino_curves_01,
          hangedman_decor_riveting, uniq_robin
D:5:      layout_basic
D:6:      layout_basic
D:7:      layout_loops_ring, minmay_lizard_king
D:8:      layout_basic, zin_statuary
Temple:   nicolae_temple_figure_zero

Skill      XL: |  1  2  3  4  5  6  7  8  9 |
---------------+----------------------------+-----
Fighting       | 1 2 3 4 5 6 7 |  7.2
Spellcasting   | 3 4 5 6 |  6.2
Invocations    | 2 4 5 |  5.3
Short Blades   | 2 |  2.0
Armour         | |  0.6
Dodging        | |  2.1
Stealth        | |  1.5

Action                   |  1- 3 |  4- 6 |  7- 9 || total
-------------------------+-------+-------+-------++-------
Melee: Hand axe          |       |     4 |     3 ||     7
       Short sword       |       |       |    20 ||    20
 Cast: Foxfire           |    53 |    34 |   103 ||   190
       Scorch            |     9 |     9 |    88 ||   106
       Ensorcelled Hiber |       |     6 |    14 ||    20
       Kindle Blastspark |       |       |    18 ||    18
       Sticky Flame      |       |       |     2 ||     2
       Flame Wave        |       |       |     1 ||     1
  Use: Scroll            |     4 |     1 |    11 ||    16
 Stab: Sleeping          |       |     1 |     4 ||     5
Armor: Robe              |     6 |     2 |    49 ||    57
Dodge: Dodged            |    12 |     3 |    65 ||    80

Table legend: (Time is in decaauts)
 A = Elapsed time spent in this place.
 B = Non-inter-level travel time spent in this place.
 C = Inter-level travel time spent in this place.
 D = Time resting spent in this place.
 E = Time spent auto-exploring this place.
 F = Levels seen in this place.
 G = Mean time per level.
                   A        B        C        D        E       F      G
               +--------+--------+--------+--------+--------+-----+--------+
         Total |   8264 |   8085 |    179 |   2837 |   4063 |  10 |  826.4 |
       Dungeon |   7123 |   6956 |    167 |   2267 |   3708 |   8 |  890.4 |
        Temple |    148 |    136 |     12 |      0 |    122 |   1 |  148.0 |
         Sewer |    992 |    992 |      0 |    570 |    233 |   1 |  992.0 |
               +--------+--------+--------+--------+--------+-----+--------+

Top non-repeatable levels by time:
     D:5: 1331 daAuts
     D:6: 1255 daAuts
     D:7: 1053 daAuts
     D:4: 1009 daAuts
   Sewer: 992 daAuts
     D:3: 877 daAuts
     D:2: 691 daAuts
     D:1: 565 daAuts
     D:8: 338 daAuts
  Temple: 148 daAuts
